 Dungeon Crawl Stone Soup version 0.23.0 (webtiles) character file.

Game seed: 9748969461537738916

476 DrEnzyme the Chopper (level 6, -2/52 HPs)
             Began as a Deep Dwarf Fire Elementalist on Feb 15, 2019.
             Killed by divine providence
             ... invoked by an orc priest
              (13 damage)
             ... on level 5 of the Dungeon.
             The game lasted 00:09:19 (4645 turns).

DrEnzyme the Chopper (Deep Dwarf Fire Elementalist) Turns: 4645, Time: 00:09:20

Health: -2/52      AC:  6    Str: 13    XL:     6   Next: 85%
Magic:  4/4        EV: 13    Int: 16    God:
Gold:   225        SH:  3    Dex: 13    Spells: 7/8 levels left

rFire    . . .     SeeInvis .   y - +1 whip (venom)
rCold    . . .     Gourm    .   (no shield)
rNeg     . . .     Faith    .   p - +0 leather armour
rPois    .         Spirit   .   (no helmet)
rElec    .         Reflect  +   (no cloak)
rCorr    .         Harm     .   (no gloves)
MR       .....                  (no boots)
Stlth    ++........             d - +3 amulet of reflection
HPRegen  0.00/turn              s - +3 ring of protection
MPRegen  0.09/turn              (no ring)

@: non-regenerating
A: damage resistance, heal wounds, sense surroundings 1, no regeneration
a: Heal Wounds


You were on level 5 of the Dungeon.
You were very hungry.

You visited 1 branch of the dungeon, and saw 5 of its levels.
You also visited: Sewer.

You collected 225 gold pieces.

Inventory:

Hand Weapons
 b - a +0 short sword
 e - a +0 hand axe
 y - a +1 whip of venom (weapon)
Armour
 a - a +0 robe
 k - a +0 plate armour
 p - a +0 leather armour (worn)
Jewellery
 d - a +3 amulet of reflection (around neck)
 s - a +3 ring of protection (left hand)
Wands
 B - a wand of iceblast (12)
Scrolls
 g - 2 scrolls of blinking
 i - 6 scrolls of identify
 l - a scroll of magic mapping
 n - a scroll of noise
 q - a scroll of random uselessness {unknown}
 r - 2 scrolls of remove curse
 v - a scroll of amnesia {unknown}
 w - a scroll of fear {unknown}
 x - 4 scrolls of enchant armour {unknown}
 z - a scroll of immolation {unknown}
 C - 3 scrolls of enchant weapon {unknown}
Potions
 c - 5 potions of heal wounds {unknown}
 h - 2 potions of haste {unknown}
 j - a potion of flight {unknown}
 m - 7 potions of curing {unknown}
 o - 2 potions of agility {unknown}
 t - 4 potions of might {unknown}
 u - a potion of ambrosia {unknown}
 A - a potion of brilliance {unknown}
Comestibles
 f - 11 rations


   Skills:
 + Level 2.1 Fighting
 - Level 2.0 Short Blades
 * Level 4.3 Axes
 + Level 2.6 Armour
 + Level 4.1 Dodging
 - Level 2.4 Stealth
 - Level 1.7 Spellcasting
 - Level 0.8 Conjurations
 - Level 3.0 Fire Magic


You had 7 spell levels left.
You knew the following spells:

 Your Spells              Type           Power        Failure   Level  Hunger
a - Flame Tongue          Conj/Fire      #....        12%         1    ##.....

Your spell library contained the following spells:

 Spells                   Type           Power        Failure   Level  Hunger
 Throw Flame              Conj/Fire      #.....       19%         2    ###....
 Conjure Flame            Conj/Fire      #.......     36%         3    ####...
 Inner Flame              Hex/Fire       #.......     41%         3    ####...
 Sticky Flame             Conj/Fire      #.......     77%         4    #####..
 Fireball                 Conj/Fire      #.........   98%         5    ######.


Dungeon Overview and Level Annotations

Branches:
Dungeon (5/15)             Temple (0/1) D:5

Altars:
Okawaru
Trog
Zin
The Shining One

Annotations:
D:2 exclusions: quokka and sky beast, Jessica
D:3 exclusion: downstairs
D:4 1 runed translucent door


Innate Abilities, Weirdness & Mutations

You are resistant to damage.
You can heal yourself by infusing magical energy.
You passively map a small area around you.
You do not regenerate.


Message History

The orc priest is heavily wounded.
The orc wizard looks more healthy.
The orc priest looks more healthy.
The orc wizard closely misses you. The orc priest misses you.
The orc priest closely misses you.
You barely miss the orc wizard.
The orc wizard is heavily wounded.
The orc wizard hits you but does no damage.
The orc priest invokes the aid of Beogh against you.
Pain shoots through your body! The orc priest closely misses you.
You hit the orc wizard.
The orc wizard is poisoned.
The orc wizard is severely wounded.
The orc wizard hits you but does no damage.
The orc priest invokes the aid of Beogh against you.
Beogh smites you!
The orc priest mumbles some strange prayers to Beogh against you.
Beogh smites you!
* * * LOW HITPOINT WARNING * * *
The orc priest calls down the wrath of Beogh upon you.
Beogh smites you!
You die...

.., , #.###.#.# * .. ##
#.......# , ###.##+###>#
#####.### , , ..........#
#.# * ####.#)...# #.# , , ,
#......†..# #.# *
...##.oo...## #.# *
*,#..#...o....# #.#
#..#...@....# #.# ,
#..#........########.# #*
#..#........#........# ..
#...........#.##########
##.##...........#.# #.......
............>...#.###.######
* **##.#...........#.....# *
#...############### *
#######...#


You could see 2 orc priests and an orc wizard.

Vanquished Creatures
  An ogre (D:4)
  A big kobold (Sewer)
  An orc priest (D:5)
  A centaur skeleton (D:4)
  9 adders
  4 river rats (Sewer)
  5 worms
  A dart slug (D:1)
  A leopard gecko (D:4)
  4 orcs
  7 ball pythons
  15 bats
  7 giant cockroaches
  15 goblins
  6 hobgoblins
  7 jackals
  4 quokkas
  3 frilled lizards
  22 kobolds
  28 rats
142 creatures vanquished.

Notes
Turn   | Place    | Note
-------+----------+-------------------------------------------
     0 | D:1      | DrEnzyme the Deep Dwarf Fire Elementalist began the quest
                  | for the Orb.
     0 | D:1      | Reached XP level 1. HP: 15/15 MP: 3/3
    95 | D:1      | Reached XP level 2. HP: 19/22 MP: 4/4
   427 | D:1      | Reached XP level 3. HP: 23/30 MP: 4/4
   976 | D:2      | Found a glowing golden altar of the Shining One.
  1027 | D:2      | Reached skill level 1 in Short Blades
  1173 | D:2      | Noticed a sky beast
  1546 | D:2      | Reached skill level 1 in Fighting
  1546 | D:2      | Reached XP level 4. HP: 22/38 MP: 4/4
  1855 | D:2      | Noticed Jessica
  2494 | D:3      | Found an iron altar of Okawaru.
  2509 | D:3      | Reached skill level 1 in Axes
  2763 | D:3      | Found a bloodstained altar of Trog.
  2982 | D:3      | Reached XP level 5. HP: 29/44 MP: 5/5
  3209 | D:4      | Found a glowing silver altar of Zin.
  3209 | D:4      | Noticed an angel
  3210 | D:4      | Found a runed translucent door.
  3238 | D:4      | Found a glowing drain.
  3277 | D:4      | Reached skill level 1 in Armour
  3343 | Sewer    | Entered a sewer
  3626 | Sewer    | Reached XP level 6. HP: 35/51 MP: 4/4
  4324 | D:5      | Entered Level 5 of the Dungeon
  4611 | D:5      | Noticed a sky beast
  4619 | D:5      | Found a staircase to the Ecumenical Temple.
  4645 | D:5      | Killed from afar by an orc priest

Skill      XL: |  1  2  3  4  5  6 |
---------------+-------------------+-----
Fire Magic     | 3 |  3.0
Dodging        | 3 4 |  4.1
Short Blades   | 1 2 |  2.0
Fighting       | 1 2 |  2.1
Axes           | 1 3 4 |  4.3
Armour         | 1 2 |  2.6
Stealth        | |  2.4
Spellcasting   | |  1.7
Conjurations   | |  0.8

Action                   |  1- 3 |  4- 6 || total
-------------------------+-------+-------++-------
Melee: Short sword       |   177 |     9 ||   186
       Unarmed           |     2 |       ||     2
       Hand axe          |       |   275 ||   275
       Whip              |       |    74 ||    74
 Cast: Flame Tongue      |     9 |     8 ||    17
 Abil: Heal Wounds       |     4 |     8 ||    12
  Use: Scroll            |     2 |     2 ||     4
 Stab: Sleeping          |     3 |     2 ||     5
  Eat: Chunk             |     3 |     9 ||    12
Armor: Robe              |    39 |       ||    39
       Leather armour    |       |   102 ||   102
Dodge: Dodged            |   133 |   290 ||   423
Block: Other             |    15 |    66 ||    81
       Reflection        |       |     1 ||     1
